 Dungeon Crawl Stone Soup version 0.30-a0-364-gf6b3ef1049 (webtiles) character file.

Game seed: 6445177860786605243

1096 jlumianski the Trooper (level 8, 0/47 (64) HPs)
             Began as a Demonspawn Fighter on Nov 15, 2022.
             Slain by Duvessa
             ... wielding a +7 short sword of draining
              (1 damage)
             ... on level 4 of the Dungeon.
             The game lasted 00:28:54 (5089 turns).

jlumianski the Trooper (Demonspawn Fighter)         Turns: 5089, Time: 00:28:54

HP:   0/47 (64)     AC: 20    Str: 19    XL:     8   Next: 10%
MP:   8/8           EV:  5    Int: 10    God:
Gold: 181           SH: 10    Dex: 12    Spells: 7/7 levels left

rFire   + . .      SeeInvis +    a - +4 war axe (elec)
rCold   . . .      Faith    .    c - +0 buckler
rNeg    . . .      Spirit   .    j - +0 plate armour
rPois   .          Reflect  +    q - +2 helmet
rElec   .          Harm     .    (no cloak)
rCorr   .          Rampage  .    m - +0 pair of gloves
Will    .....                    (no boots)
Stlth   ..........               t - amulet of reflection
HPRegen 0.27/turn                i - +4 ring of slaying
MPRegen 0.11/turn                u - ring of see invisible

@: very heavily drained
A: molten scales 3, demonic guardian 2, foul stench 1
a: no special abilities


You were on level 4 of the Dungeon.
You visited 2 branches of the dungeon, and saw 7 of its levels.
You also visited: Sewer.

You collected 181 gold pieces.

Inventory:

Hand Weapons
 a - a +4 war axe of electrocution (weapon)
Missiles
 d - 2 poisoned darts (quivered)
 f - 16 stones
 r - 2 boomerangs
Armour
 b - a +0 scale mail
 c - a +0 buckler (worn)
 j - a +0 plate armour (worn)
 m - a +0 pair of gloves (worn)
 q - a +2 helmet (worn)
Jewellery
 i - a +4 ring of slaying (left hand)
 t - an amulet of reflection (around neck)
 u - a ring of see invisible (right hand)
Scrolls
 k - 2 scrolls of brand weapon
 o - 3 scrolls of poison
 p - a scroll of magic mapping {unknown}
 s - a scroll of immolation
Potions
 e - 3 potions of haste
 g - a potion of attraction {unknown}
 h - a potion of might
 l - 2 potions of mutation
 n - 5 potions of flight


   Skills:
 * Level 6.2 Fighting
 * Level 5.0 Axes
 + Level 4.4 Armour
 + Level 4.5 Shields


You had 7 spell levels left.
You didn't know any spells.
Your spell library was empty.

Dungeon Overview and Level Annotations

Branches:
Dungeon (6/15)             Temple (1/1) D:5           Sewer (visited)

Altars:
Cheibriados
Dithmenos
Hepliaklqana
Kikubaaqudgha
Makhleb
Nemelex Xobeh
Ru
Vehumet
Wu Jian
Xom
Yredelemnul

Shops:
D:5 *

Annotations:
D:4 Duvessa


Innate Abilities, Weirdness & Mutations

You are completely covered in molten scales. (AC +4, rF+)
A demonic guardian rushes to your aid.
You may rarely emit foul miasma when damaged in melee.


Message History

Duvessa hits you with a +7 short sword of draining!
You feel drained.
You barely miss Duvessa.
Duvessa is moderately wounded.
Duvessa hits you with a +7 short sword of draining!
You feel drained.
Duvessa hits you with a +7 short sword of draining.
You feel drained.
You slash Duvessa!
Duvessa is heavily wounded.
Duvessa hits you but does no damage.
You feel drained.
Duvessa hits you with a +7 short sword of draining.
You feel drained.
You hit Duvessa.
Duvessa is heavily wounded.
You block Duvessa's attack.
Duvessa hits you with a +7 short sword of draining.
You feel drained.
You hit Duvessa.
Duvessa is heavily wounded.
Duvessa hits you but does no damage.
You feel drained. Duvessa barely misses you.
You barely miss Duvessa.
Duvessa is heavily wounded.
Duvessa barely misses you. You block Duvessa's attack.
You completely miss Duvessa.
Duvessa is heavily wounded.
Duvessa hits you but does no damage.
You feel drained.
Duvessa hits you with a +7 short sword of draining.
You feel drained.
You hit Duvessa. Lightning courses through Duvessa!
Duvessa is almost dead.
Duvessa hits you but does no damage.
You feel drained. You block Duvessa's attack.
You hit Duvessa.
Duvessa is almost dead.
Duvessa hits you with a +7 short sword of draining!!
* * * LOW HITPOINT WARNING * * *
A demonic guardian appears!
You feel drained.
You die...

. .# ###
#...# #..
##.#.. #<#
#....# .# #.#
# #..#.#.#
#.#
#.##.#...#
########..
#..4....#
#..<..##..
####e####
#.....##.#
#@#
#........#
#)#
#.....####
#.# #.....# #
##.## #######
# #...# #
#...# # #...#
# ##.## ##
#.#
############.


You could see Duvessa (berserk, ally target) and a friendly hellwing (summoned).

Vanquished Creatures
  Eustachio (D:4)
  A kobold brigand (Sewer)
  3 scorpions (D:5)
  Dowan (D:4)
  A howler monkey (D:5)
  A jelly (D:5)
  3 hounds
  An orc priest (D:5)
  Jessica (D:2)
  3 iguanas (D:5)
  Natasha (thrice) (D:2)
  2 orc wizards (D:5)
  Robin (D:2)
  5 gnolls
  7 adders
  2 river rats (Sewer)
  3 worms
  A dart slug (D:2)
  4 orcs
  An endoplasm (D:1)
  3 giant cockroaches
  13 goblins
  3 hobgoblins
  3 jackals (Sewer)
  4 quokkas
  8 ball pythons
  4 bats
  9 frilled lizards
  2 kobolds
  13 rats
107 creatures vanquished.

Vanquished Creatures (collateral kills)
  A river rat (Sewer)
  A giant cockroach (D:1)
  A goblin (D:1)
3 creatures vanquished.

Vanquished Creatures (others)
  2 demonic plants (D:2)
  29 plants (Sewer)
31 creatures vanquished.

Grand Total: 141 creatures vanquished

Notes
Turn   | Place    | Note
-------+----------+-------------------------------------------
     0 | D:1      | jlumianski the Demonspawn Fighter began the quest for the
                  | Orb.
     0 | D:1      | Reached XP level 1. HP: 18/18 MP: 1/1
   100 | D:1      | Gained mutation: You may rarely emit foul miasma when
                  | damaged in melee. [demonic ancestry]
   100 | D:1      | Reached XP level 2. HP: 24/24 MP: 2/2
   319 | D:3      | Found an ornate altar of the Wu Jian Council.
   476 | D:3      | Found a glowing drain.
   550 | Sewer    | Entered a sewer
   598 | Sewer    | Gained mutation: A weak demonic guardian rushes to your
                  | aid. [demonic ancestry]
   598 | Sewer    | Reached XP level 3. HP: 28/29 MP: 3/3
   835 | Sewer    | Gained mutation: A demonic guardian rushes to your aid.
                  | [demonic ancestry]
   835 | Sewer    | Reached XP level 4. HP: 35/37 MP: 4/4
  1094 | Sewer    | Noticed a kobold brigand
  1109 | Sewer    | Killed a kobold brigand
  1110 | Sewer    | Reached skill level 4 in Fighting
  1110 | Sewer    | Gained mutation: You are partially covered in molten
                  | scales. (AC +2) [demonic ancestry]
  1110 | Sewer    | Reached XP level 5. HP: 20/42 MP: 5/5
  1584 | D:2      | Noticed Robin
  1592 | D:2      | Noticed Jessica
  1633 | D:2      | Noticed Natasha
  2672 | D:2      | Killed Robin
  2673 | D:2      | Found a faded altar of an unknown god.
  2812 | D:2      | Killed Jessica
  2880 | D:2      | Killed Natasha
  2881 | D:2      | Gained mutation: You are mostly covered in molten scales.
                  | (AC +3) [demonic ancestry]
  2881 | D:2      | Reached XP level 6. HP: 47/49 MP: 6/6
  2980 | D:2      | Noticed Natasha
  2988 | D:2      | Killed Natasha
  2999 | D:2      | Noticed Natasha
  3092 | D:2      | Killed Natasha
  3975 | D:4      | Found a hazy altar of Hepliaklqana.
  3995 | D:4      | Noticed Eustachio
  4095 | D:5      | Entered Level 5 of the Dungeon
  4143 | D:5      | Found a sparkling altar of Nemelex Xobeh.
  4166 | D:5      | Found a staircase to the Ecumenical Temple.
  4176 | Temple   | Entered the Ecumenical Temple
  4302 | D:5      | Reached skill level 5 in Fighting
  4335 | D:5      | Reached XP level 7. HP: 45/56 MP: 7/7
  4460 | D:5      | Found Qeledduegi's Assorted Antiques.
  4897 | D:4      | Killed Eustachio
  4898 | D:4      | Reached skill level 6 in Fighting
  4898 | D:4      | Reached skill level 5 in Axes
  4898 | D:4      | Gained mutation: You are completely covered in molten
                  | scales. (AC +4, rF+) [demonic ancestry]
  4898 | D:4      | Reached XP level 8. HP: 61/64 MP: 8/8
  5060 | D:4      | Noticed Dowan
  5061 | D:4      | Noticed Duvessa
  5074 | D:4      | Killed Dowan
  5089 | D:4      | HP: 1/50 [Duvessa/+7 short sword of draining (21)]
  5089 | D:4      | Slain by Duvessa

Illustrated notes

Levels and vault maps discovered:
D:1:      denvon_arrival_waterhouse, layout_basic, minmay_heptomino_w4
D:2:      layout_rooms, dreamdust_ecumenical_altar_sealed_demon, uniq_robin,
          uniq_natasha, uniq_jessica
D:3:      layout_basic, old_standard_altar, nicolae_wu_jian_wuxing_cycle,
          cheibrodos_sewer_entry_drain
D:4:      layout_loops_cross, mainiacjoe_overflow_paths,
          gammafunk_ghost_necromancy, uniq_eustachio, uniq_duvessa
D:5:      minmay_recursive_quarters, layout_layer_cave,
          nemelex_spade_bored_becter, minmay_temple_entry_glass, serial_shops,
          shop
D:6:      layout_loops_cross, ashenzari_conservatory_becter, serial_shops,
          nicolae_lakefront_shop
Temple:   nicolae_temple_ecumenical_triangle

Skill      XL: |  1  2  3  4  5  6  7 |
---------------+----------------------+-----
Axes           | 2 3 4 5 |  5.0
Armour         | 3 4 |  4.4
Shields        | 3 4 |  4.5
Fighting       | 4 5 6 |  6.2

Action                   |  1- 3 |  4- 6 |  7- 9 || total
-------------------------+-------+-------+-------++-------
Melee: War axe           |    96 |   182 |    69 ||   347
Throw: Stone             |     9 |     2 |       ||    11
  Use: Scroll            |     7 |    14 |       ||    21
       Potion            |     1 |     3 |       ||     4
Armor: Scale mail        |    39 |    47 |       ||    86
       Plate armour      |       |    56 |    64 ||   120
Dodge: Dodged            |    47 |    65 |    18 ||   130
Block: Buckler           |    21 |    38 |    22 ||    81

Table legend: (Time is in decaauts)
 A = Elapsed time spent in this place.
 B = Non-inter-level travel time spent in this place.
 C = Inter-level travel time spent in this place.
 D = Time resting spent in this place.
 E = Time spent auto-exploring this place.
 F = Levels seen in this place.
 G = Mean time per level.
                   A        B        C        D        E       F      G
               +--------+--------+--------+--------+--------+-----+--------+
         Total |   5451 |   5395 |     56 |    142 |   2530 |   8 |  681.4 |
       Dungeon |   4110 |   4054 |     56 |     15 |   2163 |   6 |  685.0 |
        Temple |     56 |     56 |      0 |      0 |      5 |   1 |   56.0 |
         Sewer |   1284 |   1284 |      0 |    127 |    361 |   1 | 1284.0 |
               +--------+--------+--------+--------+--------+-----+--------+

Top non-repeatable levels by time:
   Sewer: 1284 daAuts
     D:1: 1152 daAuts
     D:3: 1128 daAuts
     D:2: 757 daAuts
     D:5: 547 daAuts
     D:4: 487 daAuts
  Temple: 56 daAuts
     D:6: 36 daAuts
